 Dungeon Crawl Stone Soup version 0.29.1-13-g9f3cf754e1 (webtiles) character file.

Game seed: 17822874946799572408

57 BeingJoeMalik the Slasher (level 3, -1/27 HPs)
             Began as a Demonspawn Gladiator on Jan 24, 2023.
             Slain by Ijyb
             ... wielding a +0 club
              (3 damage)
             ... on level 2 of the Dungeon.
             The game lasted 00:03:26 (2052 turns).

BeingJoeMalik the Slasher (Demonspawn Gladiator)    Turns: 2052, Time: 00:03:27

Health: -1/27      AC:  6    Str: 14    XL:     3   Next: 73%
Magic:  3/3        EV: 12    Int:  9    God:
Gold:   115        SH:  0    Dex: 16    Spells: 2/2 levels left

rFire   . . .      SeeInvis .   r - +0 scimitar
rCold   . . .      Faith    .   (no shield)
rNeg    . . .      Spirit   .   b - +0 leather armour
rPois   .          Reflect  .   c - +0 helmet
rElec   .          Harm     .   (no cloak)
rCorr   .          Rampage  .   (no gloves)
Will    .....                   (no boots)
Stlth   +.........              (no amulet)
HPRegen 0.09/turn               (no ring)
MPRegen 0.08/turn               (no ring)

@: no status effects
A: slimy green scales 1, powered by death 1
a: no special abilities


You were on level 2 of the Dungeon.
You visited 1 branch of the dungeon, and saw 3 of its levels.

You collected 115 gold pieces.

Inventory:

Hand Weapons
 a - a +0 long sword
 r - a +0 scimitar (weapon)
Missiles
 d - 3 throwing nets (quivered)
 e - a javelin
Armour
 b - a +0 leather armour (worn)
 c - a +0 helmet (worn)
Scrolls
 h - 2 scrolls of vulnerability {unknown}
 i - 2 scrolls of poison {unknown}
 j - a scroll of teleportation {unknown}
 m - a scroll of enchant armour {unknown}
 p - a scroll of blinking {unknown}
 q - a scroll of identify {unknown}
 s - a scroll of silence {unknown}
Potions
 f - a potion of berserk rage {unknown}
 g - a potion of magic {unknown}
 k - a potion of haste {unknown}
 l - a potion of curing {unknown}
 n - a potion of brilliance {unknown}
 o - a potion of degeneration {unknown}


   Skills:
 - Level 2.0 Fighting
 + Level 4.3 Long Blades
 - Level 1.7 Throwing
 - Level 2.6 Dodging


You had 2 spell levels left.
You didn't know any spells.
Your spell library contained the following spells:

 Spells                   Type           Power      Damage    Failure   Level
 Poisonous Vapours        Pois/Air       0%         N/A       61%         2
 Corpse Rot               Necr/Pois/Air  0%         N/A       99%         4


Dungeon Overview and Level Annotations

Branches:
Dungeon (3/15)

Altars:
Wu Jian

Annotations:
D:2 Ijyb


Innate Abilities, Weirdness & Mutations

You are partially covered in slimy green scales. (AC +2)
You regenerate a little health from kills.


Message History

There is a stone staircase leading down here.
You climb downwards.
The hobgoblin shouts! x2; Ijyb shouts!
Found a stone staircase leading down.
There is a stone staircase leading up here.
Ijyb zaps a wand.
The puff of flame hits you.
A rat comes into view.
You slash the hobgoblin!
You kill the hobgoblin!
Ijyb hits you with a +0 club. The hobgoblin barely misses you.
You climb upwards.
There is a stone staircase leading down here.
You slash Ijyb!
Ijyb is heavily wounded.
Ijyb zaps a wand.
The puff of flame hits you. The hobgoblin hits you.
You are too injured to fight recklessly!
You barely miss Ijyb.
Ijyb is heavily wounded.
Ijyb zaps a wand.
The puff of flame hits you!
* * * LOW HITPOINT WARNING * * *
The hobgoblin hits you.
* * * LOW HITPOINT WARNING * * *
Unknown command.
Okay, then.
Unknown command.
You barely miss Ijyb.
Ijyb is heavily wounded.
Ijyb closely misses you. The hobgoblin hits you.
* * * LOW HITPOINT WARNING * * *
Unknown command.
You barely miss Ijyb.
Ijyb is heavily wounded.
Ijyb hits you but does no damage. The hobgoblin closely misses you.
Unknown command.
Okay, then.
Unknown command.
You slash Ijyb!
Ijyb is severely wounded.
Ijyb hits you with a +0 club.
You die...

....####..###.# #.##........#....
....'.........# #.##.............
....###'#+##..# #.......#########
....#.........#####..#..#........
....#..........##....#..#........
'####........#.##.#..#..#......).
.# #........+....)..#..#........
.# #........###..##.#..#........
.# #........#.g@g##.#..#........
.####........#.#####.#..'........
.............#.# ###'#..#........
######+####....# #......#########
######....#.#### #...............
.†..........# #..............#
#####'#####.# #..............#
###..)..###.# ###+#####.######
.###.....##.########+#####.#


You could see Ijyb and a hobgoblin.

Vanquished Creatures
  An adder (D:2)
  A dart slug (D:2)
  3 ball pythons
  A bat (D:2)
  4 endoplasms
  A giant cockroach (D:2)
  9 goblins
  5 hobgoblins
  3 quokkas
  2 frilled lizards (D:2)
  5 kobolds
  6 rats
41 creatures vanquished.

Notes
Turn   | Place    | Note
-------+----------+-------------------------------------------
     0 | D:1      | BeingJoeMalik the Demonspawn Gladiator began the quest for
                  | the Orb.
     0 | D:1      | Reached XP level 1. HP: 16/16 MP: 1/1
    92 | D:1      | Found a faded altar of an unknown god.
   137 | D:1      | Reached skill level 3 in Long Blades
   160 | D:1      | Gained mutation: You are partially covered in slimy green
                  | scales. (AC +2) [demonic ancestry]
   160 | D:1      | Reached XP level 2. HP: 18/22 MP: 2/2
  1222 | D:2      | Found an ornate altar of the Wu Jian Council.
  1459 | D:2      | Gained mutation: You regenerate a little health from kills.
                  | [demonic ancestry]
  1459 | D:2      | Reached XP level 3. HP: 21/27 MP: 3/3
  1666 | D:2      | Reached skill level 4 in Long Blades
  2043 | D:3      | Noticed Ijyb
  2052 | D:2      | Slain by Ijyb

Illustrated notes

Levels and vault maps discovered:
D:1:      dpeg_arrival_rooms_c, layout_loops_corners,
          chequers_ecumenical_altar_simple
D:2:      layout_basic, basic_altar, minivault_25, minmay_quadrilaterals
D:3:      layout_loops_ring, uniq_ijyb

Skill      XL: |  1  2  3 |
---------------+----------+-----
Long Blades    | 3 4 |  4.3
Fighting       | |  2.0
Throwing       | |  1.7
Dodging        | |  2.6

Action                   || total
-------------------------++-------
Melee: Long sword        ||    72
       Punch             ||     1
       Scimitar          ||    37
 Stab: Sleeping          ||     2
Armor: Leather armour    ||    32
Dodge: Dodged            ||    84
